 Dungeon Crawl Stone Soup version 0.29-a0-25-g7f48f510a0 (webtiles) character file.

Game seed: 13341831486675137407

7652 testman the Transmogrifier (level 10, -4/103 HPs)
             Began as a Pale Draconian Transmuter on Jan 31, 2022.
             Was a Follower of Uskayaw.
             Slain by Grum (5 damage)
             ... on level 9 of the Dungeon.
             The game lasted 00:37:20 (9439 turns).

testman the Transmogrifier (DrTm)                   Turns: 9439, Time: 00:37:20

Health: -4/103     AC:  8    Str: 15    XL:     10   Next: 99%
Magic:  5/18       EV: 10    Int: 16    God:    Uskayaw [*.....]
Gold:   35         SH:  0    Dex: 23    Spells: 10/20 levels left

rFire   x . .      SeeInvis .     - Unarmed
rCold   + + +      Faith    +   (shield currently unavailable)
rNeg    . . .      Spirit   .   (armour unavailable)
rPois   +          Reflect  .   (helmet currently unavailable)
rElec   .          Harm     .   (cloak currently unavailable)
rCorr   .          Rampage  .   (gloves currently unavailable)
Will    .....                   (boots currently unavailable)
Stlth   ++........              H - amulet of faith
HPRegen 0.27/turn               c - +6 ring of dexterity
MPRegen 0.16/turn               x - +6 ring of dexterity

@: ice-form, wereblooded (expiring)
A: freezing attack, amphibious, boosted hp, (breathe steam), AC +7, large,
unfitting armour, (cold-blooded), (steam resistance)
a: End Transformation, Renounce Religion, Stomp


You were on level 9 of the Dungeon.
You worshipped Uskayaw.
Uskayaw was aware of your devotion.
You were a creature of crystalline ice.
You visited 1 branch of the dungeon, and saw 9 of its levels.
You also visited: Ossuary.

You collected 475 gold pieces.
You spent 440 gold pieces at shops.

Inventory:

Missiles
 a - 146 stones
 e - 20 poisoned darts
 m - 2 throwing nets
 p - 2 boomerangs
 r - 4 atropa-tipped darts
Jewellery
 c - a +6 ring of dexterity (left front paw)
 d - a ring of magical power
 o - an amulet of guardian spirit
 x - a +6 ring of dexterity (right front paw)
 H - an amulet of faith (around neck)
Wands
 i - a wand of charming (11)
 F - a wand of acid (8)
 I - a wand of digging (6)
Scrolls
 h - 4 scrolls of brand weapon
 k - 4 scrolls of teleportation
 n - a scroll of holy word {unknown}
 s - 3 scrolls of enchant weapon {unknown}
 u - 2 scrolls of fear {unknown}
 v - a scroll of magic mapping {unknown}
 w - a scroll of enchant armour {unknown}
 y - a scroll of vulnerability {unknown}
 A - a scroll of fog {unknown}
 G - a scroll of blinking {unknown}
Potions
 b - 6 potions of curing
 f - a potion of lignification {unknown}
 g - 3 potions of attraction
 j - a potion of cancellation
 l - 2 potions of magic
 q - 2 potions of mutation
 t - a potion of heal wounds
 z - 9 potions of degeneration
 B - a potion of invisibility {unknown}
 C - a potion of might {unknown}
 D - a potion of resistance {unknown}
 E - a potion of haste {unknown}


   Skills:
 + Level 7.2 Fighting
 - Level 1.7 Dodging
 + Level 7.3 Unarmed Combat
 + Level 5.8 Spellcasting
 + Level 8.5 Transmutations
 - Level 6.0 Ice Magic
 + Level 8.3 Invocations


You had 10 spell levels left.
You knew the following spells:

 Your Spells              Type           Power      Damage    Failure   Level
a - Beastly Appendage     Tmut           64%        N/A       1%          1
b - Wereblood             Tmut           32%        N/A       1%          2
c - Ice Form              Ice/Tmut       27%        N/A       7%          4
d - Frozen Ramparts       Ice            46%        1d6       3%          3

Your spell library contained the following spells:

 Spells                   Type           Power      Damage    Failure   Level
 Freeze                   Ice            92%        1d10      1%          1
 Sting                    Tmut/Pois      72%        1d6       2%          1
 Spider Form              Tmut/Pois      18%        N/A       8%          3
 Ignite Poison            Fire/Tmut/Pois 13%        N/A       13%         3
 Slow                     Hex            16%        N/A       14%         1
 Poisonous Vapours        Pois/Air       8%         N/A       22%         2
 Confusing Touch          Hex            4%         N/A       38%         3
 Mephitic Cloud           Conj/Pois/Air  4%         N/A       38%         3
 Vampiric Draining        Necr           4%         2d6       38%         3
 Hailstorm                Conj/Ice       14%        3d5       38%         4
 Olgreb's Toxic Radiance  Pois           4%         N/A       80%         4
 Freezing Cloud           Conj/Ice/Air   5%         6-21      86%         5


Dungeon Overview and Level Annotations

Branches:
Dungeon (9/15)             Temple (0/1) D:4            Lair (0/6) D:8
Ossuary (visited)
    Orc: D:9-12

Altars:
Ashenzari
Cheibriados
Elyvilon
Makhleb
Nemelex Xobeh
Okawaru
Qazlal
Sif Muna
Trog
Uskayaw
Wu Jian
Xom

Shops:
D:2 [   D:5 =

Annotations:
D:9 2 transporters, Grum; poover's ghost, novice OpEE


Innate Abilities, Weirdness & Mutations

You are a creature of crystalline ice.
You have a powerful freezing melee attack.
You are amphibious.
Your maximum health is increased.
Your armour is entirely melded.
You are incapable of wielding weapons or throwing items.
((You can breathe blasts of scalding, opaque steam.))
((Your pale cyan-grey scales are hard. (AC +7)))
You cannot fit into any form of body armour.
((You are cold-blooded and may be slowed by cold attacks.))
((You are immune to the effects of steam.))


Message History

Unknown command.
You struggle against the net.
The wall freezes the orc.
The wall freezes Harold.
Harold hits you with a +0 mace!
The wall freezes Grum.
Grum hits you but does no damage.
The wall freezes the orc.
The wall freezes the orc warrior.
The orc warrior hits you but does no damage.
Your frozen ramparts will break if you move.
Continue?
Aiming: Grand Finale
Press: ? - help, Shift-Dir - straight line, f/p - Harold
Aim: Harold, wielding a +0 mace, wearing a +0 scale mail and quivering 3 throwing nets (heavily wounded, sharing his pain) Harold explodes violently!
You feel a bit better.
You blow up Harold!
The frozen ramparts melt away as you move.
You can no longer merge with and destroy a victim.
Your primal bloodlust is almost over.
The orc closely misses you. Grum hits you with a -1 vorpal spear!
* * * LOW HITPOINT WARNING * * *
x2
Okay, then.
You feel much better. The orc misses you. Grum barely misses you.
The orc warrior hits you with a +0 mace!
* * * LOW HITPOINT WARNING * * *
You pummel the orc!! You freeze the orc.
You feel a bit better.
You kill the orc!
Grum hits you with a -1 vorpal spear!
* * * LOW HITPOINT WARNING * * *
x2 The orc warrior barely misses you.
You punch the orc! You freeze the orc.
You feel a bit better.
You kill the orc!
Grum hits you but does no damage.
The orc warrior hits you with a +0 mace.
* * * LOW HITPOINT WARNING * * *
The wyvern hisses angrily.
Grum hits you with a -1 vorpal spear.
* * * LOW HITPOINT WARNING * * *
x2 The orc priest calls upon Beogh to heal the orc warrior.
The orc warrior's wounds heal themselves!
Items here: )) [[ ††.
Grum hits you from afar with a -1 vorpal spear!
* * * LOW HITPOINT WARNING * * *
You die...

####.#### #.#
#.......# #.# ..
#.##.##.####.# #o
##.##....>..... #.
#...>.........# #.
###........#..... #o
##................ #.
#....#####.)......
#o###Y.###ooW###.....#
#o.o).##..T...###...##
####gl#..T.###..#.....
#..##.O..# ##.##..##
#..#......?#..T#....
†.©#©..#._!....#©..#
....#.. .[##..#..##
.....######. #.##.###
..###.. #.... ###..# #


You could see Grum, an orc warrior, a wyvern and an orc priest.

Vanquished Creatures
  Harold (D:9)
  2 two-headed ogres
  A deep elf pyromancer (D:8)
  Joseph (D:8)
  A komodo dragon (D:8)
  A troll (D:9)
  Prince Ribbit (D:8)
  7 yaks (D:8)
  3 orc warriors
  A hornet zombie (D:8)
  3 ice beasts (D:7)
  3 wolves (D:9)
  2 ogres
  3 centaurs
  A phantom (D:4)
  A bullfrog (D:5)
  5 scorpions
  3 water moccasin zombies
  A wyvern skeleton (D:6)
  5 killer bees (D:8)
  3 wights (D:7)
  3 howler monkeys (D:9)
  3 centaur zombies
  A centaur skeleton (D:7)
  2 human zombies (Ossuary)
  2 hounds
  A gnoll shaman (D:7)
  3 orc priests
  4 iron imps
  2 iguanas
  5 orc wizards
  A killer bee zombie (D:5)
  2 hound skeletons (D:4)
  A howler monkey zombie (D:8)
  5 mummies
  3 adders
  15 gnolls
  A shadow imp (D:7)
  A white imp (D:8)
  An ufetubus (D:5)
  2 dart slugs
  21 orcs
  4 endoplasms
  5 hobgoblins
  7 jackals (D:1)
  A quokka (D:1)
  7 ball pythons
  10 bats
  A frilled lizard (D:1)
  A gnoll zombie (Ossuary)
  4 goblins
  A goblin zombie (D:8)
  9 kobolds
  3 kobold zombies
  2 orc zombies (Ossuary)
  8 rats
191 creatures vanquished.

Vanquished Creatures (others)
  4 plants (D:8)
4 creatures vanquished.

Grand Total: 195 creatures vanquished

Notes
Turn   | Place    | Note
-------+----------+-------------------------------------------
     0 | D:1      | testman the Draconian Transmuter began the quest for the
                  | Orb.
     0 | D:1      | Reached XP level 1. HP: 16/16 MP: 3/3
   171 | D:1      | Found a faded altar of an unknown god.
   186 | D:1      | Prayed at the altar of an unknown god.
   186 | D:1      | Became a worshipper of Uskayaw the Reveller
   186 | D:1      | Reached * piety under Uskayaw
   305 | D:1      | Reached ** piety under Uskayaw
   400 | D:1      | Reached XP level 2. HP: 24/24 MP: 5/5
   406 | D:1      | Reached *** piety under Uskayaw
   712 | D:1      | Reached XP level 3. HP: 30/30 MP: 6/6
   718 | D:1      | Learned a level 2 spell: Wereblood
  1522 | D:2      | Found a broken altar of Ashenzari.
  1770 | D:2      | Found Yte Soic's Armour Boutique.
  2076 | D:3      | Reached XP level 4. HP: 38/38 MP: 7/7
  2082 | D:3      | Reached **** piety under Uskayaw
  2088 | D:3      | Learned a level 4 spell: Ice Form
  2350 | D:3      | Reached skill level 1 in Ice Magic
  2355 | D:3      | Reached XP level 5. HP: 45/45 MP: 8/8
  2365 | D:3      | Reached ***** piety under Uskayaw
  2949 | D:4      | Noticed a phantom
  2958 | D:4      | Killed a phantom
  2959 | D:4      | Reached skill level 1 in Invocations
  2959 | D:4      | Reached XP level 6. HP: 38/51 MP: 9/9
  3146 | D:4      | Found a staircase to the Ecumenical Temple.
  3274 | D:4      | Found a snail-covered altar of Cheibriados.
  3453 | D:4      | Found a broken altar of Ashenzari.
  3755 | D:5      | Entered Level 5 of the Dungeon
  3987 | D:5      | Found an ornate altar of the Wu Jian Council.
  3993 | D:5      | Your scales start taking on a pale cyan-grey colour.
  3993 | D:5      | Reached XP level 7. HP: 55/57 MP: 10/10
  3993 | D:5      | Gained mutation: You are immune to the effects of steam.
                  | [Pale Draconian growth]
  4300 | D:5      | Reached skill level 5 in Transmutations
  4362 | D:5      | Found an iron altar of Okawaru.
  4365 | D:5      | Found a shimmering blue altar of Sif Muna.
  4539 | D:5      | Found Nemekhli's Jewellery Emporium.
  5147 | D:6      | Reached XP level 8. HP: 46/63 MP: 11/11
  5407 | D:6      | Reached skill level 5 in Ice Magic
  5553 | D:6      | Reached skill level 5 in Invocations
  6626 | D:7      | Found a white marble altar of Elyvilon.
  6635 | D:7      | Reached XP level 9. HP: 71/71 MP: 11/13
  6640 | D:7      | Learned a level 3 spell: Frozen Ramparts
  6708 | D:7      | Found a burning altar of Makhleb.
  6731 | D:7      | Reached skill level 5 in Unarmed Combat
  6814 | D:8      | Found a shimmering altar of Xom.
  6847 | D:8      | Found a sand-covered staircase.
  6854 | Ossuary  | Entered an ossuary
  7126 | D:8      | Noticed a two-headed ogre
  7134 | D:8      | Killed a two-headed ogre
  7135 | D:8      | Reached skill level 5 in Fighting
  7138 | D:8      | Found a sparkling altar of Nemelex Xobeh.
  7573 | D:8      | Noticed Joseph
  7584 | D:8      | Killed Joseph
  7750 | D:8      | Noticed a deep elf pyromancer
  7766 | D:8      | Killed a deep elf pyromancer
  7946 | D:8      | Noticed Prince Ribbit
  7948 | D:8      | Reached XP level 10. HP: 83/83 MP: 9/16
  7969 | D:8      | Killed Prince Ribbit
  8207 | D:8      | Reached skill level 5 in Spellcasting
  8629 | D:8      | Found a staircase to the Lair.
  8691 | D:8      | Found a stormy altar of Qazlal.
  8941 | D:9      | Noticed a two-headed ogre
  8947 | D:9      | Killed a two-headed ogre
  9061 | D:5      | Bought an amulet of faith for 440 gold pieces
  9216 | D:9      | Found a transporter.
  9222 | D:9      | Found a bloodstained altar of Trog.
  9223 | D:9      | Found a transporter.
  9403 | D:9      | Noticed a moth of wrath
  9404 | D:9      | Noticed a deep troll
  9404 | D:9      | Noticed a two-headed ogre
  9405 | D:9      | Noticed poover's ghost (novice OpEE)
  9417 | D:9      | Noticed Grum
  9418 | D:9      | Noticed Harold
  9434 | D:9      | Killed Harold
  9439 | D:9      | HP: 1/103 [Grum (17)]
  9439 | D:9      | Slain by Grum

Illustrated notes

Levels and vault maps discovered:
D:1:      dpeg_arrival_solitude, layout_basic,
          chequers_ecumenical_altar_simple_redux
D:2:      layout_loops_ring, serial_shops, shop, basic_altar
D:3:      layout_basic
D:4:      layout_loops_ring, slow_altar_1, cheibrodos_ashenzari_chains,
          minmay_temple_entry_ruins
D:5:      layout_basic, nicolae_wu_jian_glorious_leap, nicolae_overflow_squiral,
          serial_shops, nicolae_shop_temple_entry_statues_fountains
D:6:      layout_basic
D:7:      nicolae_cairo_tiling_very_big, layout_rooms, elyvilon_altar_1,
          demons_altar
D:8:      layout_layer_cave, old_standard_altar, general_overflow_altar,
          mainiacjoe_overflow_boulevard, david_lair_shrubbed,
          nicolae_ossuary_entry_giza, uniq_joseph, uniq_prince_ribbit1
D:9:      layout_loops_ring, gammafunk_ghost_wrathful_warriors,
          grunt_ministairs_3, dk_rats_in_the_wall, uniq_harold, uniq_grum

Skill      XL: |  1  2  3  4  5  6  7  8  9 10 |
---------------+-------------------------------+-----
Fighting       | 2 3 4 5 7 |  7.2
Unarmed Combat | 4 6 7 |  7.3
Ice Magic      | 1 2 3 4 5 6 |  6.0
Transmutations | 3 4 5 6 7 8 |  8.5
Invocations    | 1 2 4 5 7 8 |  8.3
Spellcasting   | 3 4 5 |  5.8
Dodging        | |  1.7

Action                   |  1- 3 |  4- 6 |  7- 9 | 10-12 || total
-------------------------+-------+-------+-------+-------++-------
Melee: Unarmed           |    88 |   144 |   161 |    58 ||   451
       Kick              |    22 |    27 |    54 |       ||   103
       Tailslap          |     9 |    20 |    21 |     1 ||    51
       Headbutt          |     7 |    17 |    32 |       ||    56
       Punch             |     1 |     5 |     8 |       ||    14
 Cast: Beastly Appendage |    19 |    12 |    27 |     1 ||    59
       Wereblood         |     1 |     4 |     9 |     4 ||    18
       Ice Form          |       |       |     4 |     5 ||     9
       Frozen Ramparts   |       |       |     2 |     1 ||     3
Invok: Stomp             |     1 |     3 |       |     1 ||     5
       Line Pass         |       |       |     2 |       ||     2
       Grand Finale      |       |       |       |     1 ||     1
 Abil: Breathe Steam     |       |       |    25 |     6 ||    31
  Use: Scroll            |       |       |     9 |       ||     9
       Potion            |       |       |       |     1 ||     1
 Stab: Sleeping          |     4 |       |     1 |       ||     5
       Paralysed         |     1 |     4 |     3 |     4 ||    12
       Confused          |       |       |     1 |       ||     1
Armor: Skin              |    43 |    38 |    40 |    22 ||   143
Dodge: Dodged            |    62 |    95 |    72 |    34 ||   263

Table legend: (Time is in decaauts)
 A = Elapsed time spent in this place.
 B = Non-inter-level travel time spent in this place.
 C = Inter-level travel time spent in this place.
 D = Time resting spent in this place.
 E = Time spent auto-exploring this place.
 F = Levels seen in this place.
 G = Mean time per level.
                   A        B        C        D        E       F      G
               +--------+--------+--------+--------+--------+-----+--------+
         Total |   9402 |   9052 |    350 |   1167 |   6404 |  10 |  940.2 |
       Dungeon |   9177 |   8827 |    350 |   1162 |   6375 |   9 | 1019.7 |
       Ossuary |    224 |    224 |      0 |      5 |     29 |   1 |  224.0 |
               +--------+--------+--------+--------+--------+-----+--------+

Top non-repeatable levels by time:
     D:8: 1964 daAuts
     D:1: 1496 daAuts
     D:7: 1122 daAuts
     D:5: 1097 daAuts
     D:6: 935 daAuts
     D:3: 852 daAuts
     D:4: 841 daAuts
     D:2: 548 daAuts
     D:9: 319 daAuts
 Ossuary: 224 daAuts
